 Dungeon Crawl Stone Soup version 0.20.1-1-g8b1a95d (webtiles) character file.

506 mike2R the Firebug (level 7, 50/50 HPs)
             Began as a Hill Orc Fire Elementalist on July 15, 2017.
             Was an Initiate of Kikubaaqudgha.
             Quit the game on level 4 of the Dungeon.
             The game lasted 00:45:03 (5084 turns).

mike2R the Firebug (Hill Orc Fire Elementalist)     Turns: 5084, Time: 00:45:03

Health: 50/50      AC:  6    Str: 12    XL:     7   Next: 18%
Magic:  12/12      EV: 11    Int: 16    God:    Kikubaaqudgha [......]
Gold:   274        SH:  0    Dex: 11    Spells: 2/13 levels left

rFire    . . .     SeeInvis .   r - +1 war axe (venom)
rCold    . . .     Gourm    .   (no shield)
rNeg     . . .     Faith    .   i - +0 leather armour
rPois    .         Spirit   .   (no helmet)
rElec    .         Reflect  .   (no cloak)
rCorr    .         Harm     .   g - +2 pair of gloves
MR       .....                  (no boots)
Stlth    +.........             (no amulet)
Regen    0.2/turn               (no ring)
MPRegen  0.2/turn               (no ring)

@: no status effects
A: no striking features
a: Renounce Religion


You were on level 4 of the Dungeon.
You worshipped Kikubaaqudgha.
Kikubaaqudgha was noncommittal.
You were very hungry.

You visited 2 branches of the dungeon, and saw 5 of its levels.

You collected 274 gold pieces.

Inventory:

Hand Weapons
 a - a +1 flail of venom
 b - a +0 hunting sling
 o - a +0 mace of holy wrath
 r - a +1 war axe of venom (weapon)
Missiles
 d - 65 bolts
 e - 209 stones
 k - 3 javelins (quivered)
 u - 17 arrows
 B - 11 sling bullets
Armour
 g - a +2 pair of gloves (worn)
 i - a +0 leather armour (worn)
 y - a +0 ring mail
Wands
 C - a wand of iceblast (12/15)
 D - a wand of iceblast (5/15)
Scrolls
 f - a scroll of amnesia
 j - 2 scrolls of magic mapping
 n - a scroll of immolation
 q - 2 scrolls of remove curse {unknown}
 s - 2 scrolls of teleportation
Potions
 l - 3 potions of curing
 m - 2 potions of brilliance
 p - a potion of agility {unknown}
 t - 2 potions of mutation
 z - a potion of invisibility {unknown}
 F - a potion of heal wounds {unknown}
 G - a potion of haste {unknown}
Books
 h - a book of Flames

   Spells                             Type                      Level
   a - Flame Tongue                   Conjuration/Fire             1
   b - Throw Flame                    Conjuration/Fire             2
   c - Conjure Flame                  Conjuration/Fire             3
   d - Inner Flame                    Hexes/Fire                   3
   e - Sticky Flame                   Conjuration/Fire             4
   f - Fireball                       Conjuration/Fire             5
Comestibles
 c - 5 bread rations
 v - 2 meat rations
 w - 5 royal jellies
 A - 6 fruits


   Skills:
 - Level 1.5 Dodging
 - Level 1.5 Stealth
 + Level 3.5 Spellcasting
 + Level 4.0 Conjurations
 + Level 5.7 Fire Magic


You had 2 spell levels left.
You knew the following spells:

 Your Spells              Type           Power        Failure   Level  Hunger
a - Flame Tongue          Conj/Fire      ###..        3%          1    None
b - Conjure Flame         Conj/Fire      ###.....     9%          3    ###....
c - Inner Flame           Hex/Fire       ##......     21%         3    ###....
d - Sticky Flame          Conj/Fire      ###.....     28%         4    ####...


Dungeon Overview and Level Annotations

Branches:
Dungeon (4/15)             Temple (1/1) D:4

Altars:
Ashenzari
Cheibriados
Elyvilon
Gozag
Hepliaklqana
Kikubaaqudgha
Makhleb
Nemelex Xobeh
Qazlal
Ru
Vehumet
Xom
Yredelemnul
The Shining One

Annotations:
D:4 Grinder


Message History

q - a scroll labeled VYSMAPUL IMELU Search for what [? for help]? necro Can't find anything matching that.
You now have 274 gold pieces (gained 11).
Found a glowing war axe.
Found an escape hatch in the floor.
q - 2 scrolls labeled VYSMAPUL IMELU (gained 1)
l - 3 potions of curing (gained 1)
You see here a glowing war axe.
r - a glowing war axe Wield which item (- for none, * to show all)? (? for menu, Esc to quit)
Your +1 war axe of venom begins to drip with poison!
r - a +1 war axe of venom (weapon)
Drop what? 31/52 slots (_ for help) (? for menu, Esc to quit)
Okay, then.
Unknown command.
Are you sure you want to abandon this character and quit the game? (Confirm with "yes".)
Okay, then.
You see here a potion of degeneration.
You are feeling very hungry.
Are you sure you want to abandon this character and quit the game? (Confirm with "yes".)

...........,***,***,,*#..........
...........,,**,**,,**##.........
#..........,,,,,,,,,***##........
#...#######***,,,**,,..>.........
....########,,,,,,,,,###########.
.#..........,*,,****,*** #.
.....#######*#,** *,..# ##
##.#.......###.####**#.#
##.#............@.####.####
...........####.....##....#
##.#.......#######.<......#
##.####..........##!##....####
....############.............####
................................#
....############.................
##.## ###############....#......
#..# ##..........####...........


There were no monsters in sight!

Vanquished Creatures
  A hound (D:4)
  An orc priest (D:4)
  2 jellies (D:2)
  An iguana (D:3)
  3 orc wizards (D:4)
  A worker ant (D:4)
  A hound skeleton (D:4)
  10 adders
  9 oozes
  An adder skeleton (D:4)
  3 worms
  A dart slug (D:3)
  A leopard gecko (D:4)
  11 orcs
  3 giant cockroaches (D:2)
  10 goblins
  8 hobgoblins
  9 jackals
  12 kobolds
  2 quokkas (D:3)
  2 ball pythons (D:3)
  10 bats
  5 frilled lizards
  10 rats
117 creatures vanquished.

Vanquished Creatures (others)
  11 toadstools (D:2)
11 creatures vanquished.

Grand Total: 128 creatures vanquished

Notes
Turn   | Place    | Note
-------+----------+-------------------------------------------
     0 | D:1      | mike2R the Hill Orc Fire Elementalist began the quest for the Orb.
     0 | D:1      | Reached XP level 1. HP: 14/14 MP: 3/3
   349 | D:1      | Reached XP level 2. HP: 20/20 MP: 2/4
   681 | D:1      | Reached XP level 3. HP: 26/26 MP: 3/5
   811 | D:1      | Reached skill level 4 in Fire Magic
   816 | D:1      | Learned a level 3 spell: Conjure Flame
  1283 | D:2      | Reached XP level 4. HP: 33/33 MP: 2/7
  1288 | D:2      | Learned a level 3 spell: Inner Flame
  1528 | D:2      | Reached XP level 5. HP: 33/38 MP: 4/8
  2142 | D:2      | Reached skill level 5 in Fire Magic
  2924 | D:3      | Reached XP level 6. HP: 45/45 MP: 8/10
  2969 | D:3      | Found a basalt altar of Yredelemnul.
  3627 | D:3      | Found a white marble altar of Elyvilon.
  3705 | D:4      | Noticed Grinder
  4041 | D:4      | Found a faded altar of an unknown god.
  4041 | D:4      | Found a faded altar of an unknown god.
  4046 | D:4      | Found a snail-covered altar of Cheibriados.
  4052 | D:4      | Found a sparkling altar of Nemelex Xobeh.
  4053 | D:4      | Found a stormy altar of Qazlal.
  4418 | D:4      | Reached XP level 7. HP: 27/50 MP: 7/12
  4424 | D:4      | Learned a level 4 spell: Sticky Flame
  4769 | D:4      | Found a staircase to the Ecumenical Temple.
  4796 | Temple   | Entered the Ecumenical Temple
  4945 | Temple   | Became a worshipper of Kikubaaqudgha
  5084 | D:4      | Quit the game

Skill      XL: |  1  2  3  4  5  6  7 |
---------------+----------------------+-----
Fire Magic     | 4 5 |  5.7
Conjurations   | 2 3 4 |  4.0
Spellcasting   | 2 3 |  3.5
Dodging        | |  1.5
Stealth        | |  1.5

Action                   |  1- 3 |  4- 6 |  7- 9 || total
-------------------------+-------+-------+-------++-------
Melee: Unarmed           |     4 |       |       ||     4
       Mace              |     1 |   112 |       ||   113
       Flail             |       |    14 |    16 ||    30
 Fire: Hunting sling     |    64 |   165 |     8 ||   237
 Cast: Flame Tongue      |    17 |    64 |     8 ||    89
       Conjure Flame     |     3 |     5 |       ||     8
       Inner Flame       |       |     1 |       ||     1
       Sticky Flame      |       |       |     2 ||     2
  Use: Scroll            |       |    14 |       ||    14
 Stab: Sleeping          |       |     1 |       ||     1
  Eat: Chunk             |     1 |     7 |     2 ||    10
       Bread ration      |       |     1 |       ||     1
Armor: Robe              |     2 |       |       ||     2
       Leather armour    |     8 |    68 |    10 ||    86
Dodge: Dodged            |    13 |   112 |     9 ||   134
